 Dungeon Crawl Stone Soup version 0.22-a0-292-g0df9d5f48d (webtiles) character file.

436 Infinimo the Scholar of Death (level 6, 0/47 HPs)
             Began as a Mummy Necromancer on Mar 23, 2018.
             Was a Follower of Kikubaaqudgha.
             Slain by an ogre
             ... wielding a +0 giant club
              (23 damage)
             ... on level 4 of the Dungeon.
             The game lasted 00:07:23 (4166 turns).

Infinimo the Scholar of Death (Mummy Necromancer)   Turns: 4166, Time: 00:07:24

Health: 0/47       AC:  4    Str: 11    XL:     6   Next: 69%
Magic:  7/13       EV: 12    Int: 16    God:    Kikubaaqudgha [*.....]
Gold:   123        SH:  0    Dex: 13    Spells: 7/15 levels left

rFire    x . .     SeeInvis .   i - +2 hunting sling (velocity)
rCold    + . .     Gourm    .   (no shield)
rNeg     + + +     Faith    .   a - +0 robe
rPois    ∞         Spirit   .   (no helmet)
rElec    .         Reflect  .   g - +0 cloak
rCorr    .         Harm     .   (no gloves)
MR       .....                  f - +0 pair of boots
Stlth    ++........             (no amulet)
HPRegen  0.15/turn              (no ring)
MPRegen  0.13/turn              (no ring)

@: no status effects
A: no food or potions, fire vulnerability, cold resistance 1, negative energy
resistance 3, torment resistance, unbreathing
a: Receive Corpses, Renounce Religion


You were on level 4 of the Dungeon.
You worshipped Kikubaaqudgha.
Kikubaaqudgha was aware of your devotion.
You were not hungry.

You visited 1 branch of the dungeon, and saw 4 of its levels.

You collected 123 gold pieces.

Inventory:

Hand Weapons
 d - a +0 spear
 i - a +2 hunting sling of velocity (weapon)
Missiles
 j - 51 stones (quivered)
Armour
 a - a +0 robe (worn)
 f - a +0 pair of boots (worn)
 g - a +0 cloak (worn)
Jewellery
 l - an uncursed amulet of magic regeneration {unknown}
Wands
 n - a wand of digging (13)
Scrolls
 b - 2 scrolls of remove curse {unknown}
 c - 4 scrolls of teleportation
 e - a scroll of fear {unknown}
 h - 2 scrolls of identify
 k - a scroll of noise {unknown}
 m - a scroll of immolation {unknown}
 o - a scroll of blinking {unknown}


   Skills:
 + Level 3.1 Fighting
 - Level 1.5 Dodging
 - Level 1.5 Stealth
 + Level 5.0 Spellcasting
 * Level 6.4 Necromancy


You had 7 spell levels left.
You knew the following spells:

 Your Spells              Type           Power        Failure   Level  Hunger
a - Pain                  Necr           ###.         1%          1    N/A
b - Vampiric Draining     Necr           ###.......   3%          3    N/A
c - Animate Dead          Necr           N/A          11%         4    N/A

Dungeon Overview and Level Annotations

Branches:
Dungeon (4/15)
 Temple: D:4-7

Altars:
Ashenzari
Elyvilon
Fedhas
Kikubaaqudgha
Wu Jian
The Shining One


Innate Abilities, Weirdness & Mutations

You do not eat or drink.
Your flesh is vulnerable to fire.
You are immune to poison.
Your flesh is cold resistant. (rC+)
You are immune to negative energy. (rN+++)
You are immune to unholy pain and torment.
You can survive without breathing.


Message History

Casting: Pain (safe; 1% risk of failure)
Confirm with . or Enter, or press ? or * to list all spells.
Aiming: Pain (safe; 1% risk of failure)
Press: ? - help, Shift-Dir - straight line, f/p - ogre
Aim: an ogre, wielding a giant club (heavily wounded, chance to defeat MR: 83%)
The ogre writhes in agony!
Casting: Pain (safe; 1% risk of failure)
Confirm with . or Enter, or press ? or * to list all spells.
Aiming: Pain (safe; 1% risk of failure)
Press: ? - help, Shift-Dir - straight line, f/p - ogre
Aim: an ogre, wielding a giant club (heavily wounded, chance to defeat MR: 83%)
The ogre writhes in agony!
Casting: Pain (safe; 1% risk of failure)
Confirm with . or Enter, or press ? or * to list all spells.
Aiming: Pain (safe; 1% risk of failure)
Press: ? - help, Shift-Dir - straight line, f/p - ogre
Aim: an ogre, wielding a giant club (severely wounded, chance to defeat MR: 83%)
The ogre writhes in agony!
The ogre hits you with a giant club!!
You die...
Kikubaaqudgha rasps: "You have failed me!
Welcome... oblivion!"

##.#
#.##..###..####
#.#..## ##.#
#.............#
#.#..# ##.#
#####...%..##.#
#.#..# ##.#
#.#######.#
###.#..# ##.###
#.# #.#
#...#..# ##...#
#.# #.# #.<..#
####.# #.#
####.# ###..#
#.# #.# #....#
...# #.# #.#
#@#### ###.# #
#.# #.# #..O#
#.# ## #.#
#.....#..( ..#
.###.# ###.
.### #..# ##
#....# #. .#
#.[# .##### #.
.# #..# ## #.
.# #..# # #. ##
#####..#
.((...#


You could see an ogre.

Vanquished Creatures
  An ogre (D:4)
  A scorpion (D:4)
  A howler monkey (D:4)
  2 iguanas
  A worker ant (D:4)
  4 gnolls (D:3)
  3 adders
  4 worms
  2 dart slugs (D:1)
  2 leopard geckos
  10 orcs (D:3)
  4 giant cockroaches
  12 goblins
  14 hobgoblins
  4 jackals (D:3)
  9 kobolds
  A quokka (D:2)
  3 ball pythons
  9 bats
  4 frilled lizards
  6 rats
97 creatures vanquished.

Notes
Turn   | Place    | Note
-------+----------+-------------------------------------------
     0 | D:1      | Infinimo the Mummy Necromancer began the quest for the Orb.
     0 | D:1      | Reached XP level 1. HP: 13/13 MP: 4/4
   188 | D:1      | Reached XP level 2. HP: 19/19 MP: 0/6
   886 | D:1      | Reached XP level 3. HP: 25/25 MP: 4/7
  1315 | D:2      | Reached skill level 1 in Fighting
  1432 | D:2      | Learned a level 3 spell: Vampiric Draining
  1622 | D:2      | Reached XP level 4. HP: 32/32 MP: 6/9
  1642 | D:2      | Reached skill level 5 in Necromancy
  1891 | D:2      | Found a blossoming altar of Fedhas.
  1891 | D:2      | Found a shattered altar of Ashenzari.
  1892 | D:2      | Found an ancient bone altar of Kikubaaqudgha.
  1892 | D:2      | Found a glowing golden altar of the Shining One.
  1893 | D:2      | Found a white marble altar of Elyvilon.
  1894 | D:2      | Found an ornate altar of the Wu Jian Council.
  1905 | D:2      | Became a worshipper of Kikubaaqudgha
  2863 | D:3      | Reached XP level 5. HP: 23/38 MP: 4/11
  3008 | D:3      | Reached * piety under Kikubaaqudgha
  3008 | D:3      | Identified Kikubaaqudgha's Catalogue of Stolen Souls (Kikubaaqudgha gifted it to you on level 3 of the Dungeon)
  3008 | D:3      | Received a gift from Kikubaaqudgha
  3026 | D:3      | Learned a level 4 spell: Animate Dead
  3503 | D:4      | Noticed a phantom
  3775 | D:4      | Noticed an ogre
  3854 | D:4      | Reached XP level 6. HP: 46/46 MP: 7/12
  3868 | D:4      | Reached skill level 6 in Necromancy
  4065 | D:4      | Reached skill level 5 in Spellcasting
  4166 | D:4      | Slain by an ogre

Vault maps used:
D:1:      saegor_arrival_miasma, minmay_split_cup_small
D:2:      grunt_temple_overflow_open, first_ration
D:4:      serial_shops, shop, nicolae_shop_statue_plus, grunt_decor_cap,
          uniq_menkaure

Skill      XL: |  1  2  3  4  5  6 |
---------------+-------------------+-----
Spellcasting   | 3 4 5 |  5.0
Fighting       | 1 2 3 |  3.1
Necromancy     | 5 6 |  6.4
Dodging        | |  1.5
Stealth        | |  1.5

Action                   |  1- 3 |  4- 6 || total
-------------------------+-------+-------++-------
Melee: Spear             |     7 |    11 ||    18
 Fire: Hunting sling     |       |    79 ||    79
 Cast: Pain              |    87 |   101 ||   188
  Use: Scroll            |     1 |       ||     1
Armor: Robe              |     6 |     6 ||    12
Dodge: Dodged            |    17 |    36 ||    53

Table legend:
 A = Spawn XP
 B = Non-spawn XP
 C = Spawn XP percentage of total XP
 D = Spawn monster count
 E = Non-spawn monster count
 F = Spawn count percentage of total count
 G = Total turns spent on level
                    A         B        C        D         E        F      G
               +---------+---------+-------+---------+---------+-------+---------
         Total |       0 |     624 |   0.0 |       0 |      97 |   0.0 |  4166
               +---------+---------+-------+---------+---------+-------+---------
           D:1 |       0 |      60 |   0.0 |       0 |      34 |   0.0 |  1314
           D:2 |       0 |      66 |   0.0 |       0 |      26 |   0.0 |  1088
           D:3 |       0 |     165 |   0.0 |       0 |      30 |   0.0 |  1365
           D:4 |       0 |     333 |   0.0 |       0 |       7 |   0.0 |   399
               +---------+---------+-------+---------+---------+-------+---------
